 Dungeon Crawl Stone Soup version 0.29.1-1-gd02db6906a (webtiles) character file.

Game seed: 7501074684093853524

1131 raistware the Conjurer (level 8, -5/48 HPs)
             Began as an Octopode Conjurer on Sept 16, 2022.
             Was a Follower of Vehumet.
             Slain by Duvessa
             ... wielding a +3 short sword of protection
              (8 damage)
             ... on level 6 of the Dungeon.
             The game lasted 00:13:02 (6724 turns).

raistware the Conjurer (Octopode Conjurer)          Turns: 6724, Time: 00:13:03

Health: -5/48      AC:  1    Str:  6    XL:     8   Next: 36%
Magic:  3/17       EV: 13    Int: 23    God:    Vehumet [*.....]
Gold:   251        SH:  0    Dex: 10    Spells: 15/20 levels left

rFire   . . .      SeeInvis +   y - staff of conjuration
rCold   . . .      Faith    .   (no shield)
rNeg    . . .      Spirit   .   (helmet restricted)
rPois   .          Reflect  .   z - amulet of the acrobat
rElec   .          Harm     .   E - ring of see invisible
rCorr   .          Rampage  .   (no ring)
Will    .....                   (no ring)
Stlth   +++.......              (no ring)
HPRegen 0.16/turn               (no ring)
MPRegen 0.15/turn               (no ring)
                                (no ring)
                                (no ring)

@: lethally poisoned (-5 -> -11), about to teleport, weak-willed
A: almost no armour, amphibious, 8 rings, camouflage 1, gelatinous body 1,
(nimble swimmer 1), tentacles
a: Renounce Religion


You were on level 6 of the Dungeon.
You worshipped Vehumet.
Vehumet was aware of your devotion.
You visited 2 branches of the dungeon, and saw 8 of its levels.

You collected 251 gold pieces.

Inventory:

Missiles
 s - 5 javelins
 v - 16 poisoned darts
Armour
 A - an orb of guile
Magical Staves
 y - a staff of conjuration (weapon)
Jewellery
 z - an amulet of the acrobat (around mantle)
 E - a ring of see invisible (left tentacle)
Scrolls
 b - 4 scrolls of enchant armour {unknown}
 c - a scroll of torment {unknown}
 d - 2 scrolls of vulnerability
 h - 2 scrolls of brand weapon {unknown}
 i - a scroll of noise {unknown}
 j - 2 scrolls of amnesia {unknown}
 k - a scroll of acquirement {unknown}
 m - 3 scrolls of teleportation
 n - a scroll of poison {unknown}
 o - a scroll of blinking {unknown}
 q - 4 scrolls of identify {unknown}
 t - a scroll of magic mapping {unknown}
 w - 2 scrolls of silence {unknown}
 x - a scroll of butterflies {unknown}
 B - 2 scrolls of fear {unknown}
Potions
 a - a potion of magic
 e - 3 potions of curing {unknown}
 f - 5 potions of flight {unknown}
 g - 2 potions of degeneration {unknown}
 l - 3 potions of lignification {unknown}
 p - 2 potions of haste {unknown}
 r - a potion of heal wounds {unknown}
 u - a potion of cancellation {unknown}
 D - a potion of invisibility {unknown}


   Skills:
 - Level 1.0 Fighting
 - Level 3.0 Dodging
 - Level 2.6 Stealth
 + Level 6.5 Spellcasting
 + Level 6.7 Conjurations
 - Level 2.0 Translocations
 - Level 2.0 Evocations


You had 15 spell levels left.
You knew the following spells:

 Your Spells              Type           Power      Damage    Failure   Level
a - Magic Dart            Conj           100%       1d8       1%          1
b - Iskenderun's Mystic   Conj/Tloc      41%        2d9       13%         4

Your spell library contained the following spells:

 Spells                   Type           Power      Damage    Failure   Level
 Foxfire                  Conj/Fire      100%       2x1d9     1%          1
 Searing Ray              Conj           100%       2d8       1%          2
 Dazzling Flash           Conj/Hex       68%        N/A       6%          3
 Scorch                   Fire           14%        2d6       12%         2
 Sublimation of Blood     Necr           7%         N/A       12%         2
 Wereblood                Tmut           7%         N/A       12%         2
 Flame Wave               Conj/Fire      34%        2d10      21%         4
 Fulminant Prism          Conj/Hex       17%        3d11      21%         4
 Summon Cactus Giant      Summ           3%         N/A       100%        6
 Summon Hydra             Summ           3%         N/A       100%        7


Dungeon Overview and Level Annotations

Branches:
Dungeon (7/15)             Temple (1/1) D:4

Altars:
Ashenzari
Cheibriados
Dithmenos
Fedhas
Hepliaklqana
Kikubaaqudgha
Makhleb
Sif Muna
Vehumet
Yredelemnul
Zin
The Shining One
Jiyva
Lugonu

Shops:
D:1 [   D:2 =

Portals:
Abyss: D:3

Annotations:
D:5 Edmund, Sigmund
D:6 Duvessa
D:7 exclusion: steam dragon


Innate Abilities, Weirdness & Mutations

You cannot wear most types of armour.
You are amphibious.
You can wear up to eight rings at the same time.
Your skin changes colour to match your surroundings (Stealth+).
Your rubbery body absorbs attacks. (AC +1, EV +1)
((You are camouflaged when in or above water. (Stealth+)))
You have tentacles for arms and can constrict up to eight enemies at once.


Message History

Duvessa slams into the rock wall!
You hear an angry hiss. x2
Aiming: Mindburst
Press: ? - help, Shift-Dir - straight line, f - Duvessa
Aim: Duvessa, wielding a +3 short sword of protection and wearing a +0 leather armour (severely wounded, berserk, chance to affect: 57%) Duvessa resists with significant effort.
A water moccasin comes into view.
Duvessa hits you with a +3 short sword of protection!
Aiming: Mindburst
Press: ? - help, Shift-Dir - straight line, f/p - Duvessa
Aim: Duvessa, wielding a +3 short sword of protection and wearing a +0 leather armour (severely wounded, berserk, chance to affect: 57%) Duvessa resists with significant effort.
You hear an angry hiss.
Duvessa hits you with a +3 short sword of protection.
Duvessa closely misses you.
Aiming: Mindburst
Press: ? - help, Shift-Dir - straight line, f/p - Duvessa
Aim: Duvessa, wielding a +3 short sword of protection and wearing a +0 leather armour (severely wounded, berserk, chance to affect: 57%) Duvessa's mind is blasted!
The now-empty wand crumbles to dust.
The water moccasin bites you!
You are poisoned.
The water moccasin poisons you!
A scorpion comes into view.
Duvessa barely misses you.
You aren't carrying any items that you can evoke.
Unknown command.
As you read the scroll labelled TIGALA GAKH, it crumbles to dust.
Magic quickly surges around you.
It was a scroll of vulnerability.
You feel very sick. The water moccasin barely misses you.
Duvessa hits you with a +3 short sword of protection!!
* * * LOW HITPOINT WARNING * * *
The water moccasin misses you. Duvessa closely misses you.
Unknown command.
As you read the scroll labelled FIANAO JUFEMEY, it crumbles to dust.
You feel strangely unstable.
It was a scroll of teleportation.
* * * LOW HITPOINT WARNING * * *
You feel sick.
Duvessa hits you with a +3 short sword of protection!
You die...

.. .### ..# #e#
..... #.# ....z
####e######......
#.......).#......
#.######e.#....#
#.######@S.....#
#.##.....s.###.#
#..'..[..>...#
####.....###.#
#.....# .?.
#....)# ###
#....)# #.....#
#######


You could see Duvessa (berserk, weak-willed), a water moccasin (weak-willed) and
a scorpion (weak-willed).

Vanquished Creatures
  Menkaure (D:5)
  2 ice beasts
  An ogre (D:5)
  A necrophage (D:4)
  4 wights (D:6)
  Dowan (D:6)
  2 hounds
  A jelly (D:5)
  An orc priest (D:5)
  3 iguanas
  3 orc wizards
  3 gnolls (D:3)
  3 adders
  A shadow imp (D:4)
  2 white imps
  4 dart slugs
  14 orcs
  7 ball pythons
  3 bats
  7 endoplasms
  3 giant cockroaches
  2 goblins (D:1)
  4 hobgoblins
  3 jackals (D:1)
  3 quokkas
  2 frilled lizards (D:3)
  A goblin skeleton (D:5)
  A goblin zombie (D:5)
  4 hobgoblin zombies (D:5)
  9 kobolds
  2 kobold skeletons (D:5)
  A kobold zombie (D:5)
  4 orc skeletons (D:5)
  An orc zombie (D:5)
  4 rats
  A lurking horror (D:3)
109 creatures vanquished.

Vanquished Creatures (others)
  A howler monkey (D:6)
1 creature vanquished.

Grand Total: 110 creatures vanquished

Notes
Turn   | Place    | Note
-------+----------+-------------------------------------------
     0 | D:1      | raistware the Octopode Conjurer began the quest for the
                  | Orb.
     0 | D:1      | Reached XP level 1. HP: 11/11 MP: 3/3
   188 | D:1      | Reached XP level 2. HP: 17/17 MP: 2/5
   518 | D:1      | Found Fijef's Antique Armour Emporium.
   837 | D:1      | Reached XP level 3. HP: 21/21 MP: 5/7
  1125 | D:2      | Found Juros's Jewellery Shop.
  2013 | D:3      | Found a faded altar of an unknown god.
  2077 | D:3      | Reached skill level 1 in Translocations
  2077 | D:3      | Reached XP level 4. HP: 27/27 MP: 3/9
  2597 | D:3      | Found a one-way gate to the infinite horrors of the Abyss.
  2776 | D:3      | Found a corrupted altar of Lugonu.
  3136 | D:3      | Learned a level 4 spell: Iskenderun's Mystic Blast
  3172 | D:4      | Found a staircase to the Ecumenical Temple.
  3197 | D:4      | Reached XP level 5. HP: 31/31 MP: 5/11
  3272 | Temple   | Entered the Ecumenical Temple
  3318 | Temple   | Became a worshipper of Vehumet
  3774 | D:4      | Reached XP level 6. HP: 35/36 MP: 3/12
  4192 | D:4      | Found an ancient bone altar of Kikubaaqudgha.
  4328 | D:5      | Entered Level 5 of the Dungeon
  4328 | D:5      | Noticed an ice beast
  4395 | D:5      | Reached skill level 5 in Conjurations
  4624 | D:5      | Found a glowing golden altar of the Shining One.
  4769 | D:5      | Reached skill level 5 in Spellcasting
  4991 | D:5      | Reached XP level 7. HP: 41/41 MP: 7/14
  5063 | D:5      | Noticed Edmund
  5063 | D:5      | Noticed Sigmund
  5098 | D:5      | Reached skill level 1 in Evocations
  5303 | D:5      | Reached * piety under Vehumet
  5303 | D:5      | Offered knowledge of Foxfire by Vehumet.
  5371 | D:5      | Noticed Menkaure
  5379 | D:5      | Killed Menkaure
  5885 | D:5      | You fall into a shaft and drop 2 floors!
  5897 | D:7      | Noticed a steam dragon
  5908 | D:7      | Found a shimmering blue altar of Sif Muna.
  6047 | D:7      | Reached skill level 1 in Fighting
  6047 | D:7      | Reached XP level 8. HP: 11/48 MP: 3/17
  6706 | D:6      | Noticed Duvessa
  6706 | D:6      | Noticed Dowan
  6717 | D:6      | Killed Dowan
  6724 | D:6      | Slain by Duvessa

Illustrated notes

Levels and vault maps discovered:
D:1:      wander_arrival_chamber, layout_loops_cross, serial_shops,
          nicolae_square_shop, minivault_23
D:2:      layout_basic, serial_shops,
          nicolae_shop_temple_entry_statues_fountains, grunt_ministairs_3
D:3:      layout_loops_ring, shapermc_ecumenical_altar_petra,
          amcnicky_altar_lugonu_corruption
D:4:      layout_basic, mainiacjoe_overflow_six_doors_small,
          minmay_temple_entry_statues, minmay_misc_feat_square,
          minmay_misc_feat_rows
D:5:      layout_rooms, lemuel_tele_altar, nicolae_tso_besieged_by_evil,
          uniq_menkaure, uniq_edmund, uniq_sigmund
D:6:      layout_basic, xom_confusion_cloud, hangedman_ru_absence,
          kennysheep_mini_moat, uniq_duvessa, uniq_grinder
D:7:      layout_basic, mainiacjoe_overflow_24_doors, dancing_weapons_uskayaw,
          nicolae_qazlal_general_emergency, uniq_crazy_yiuf_cottage
Temple:   pf_slimified_temple

Skill      XL: |  1  2  3  4  5  6  7  8 |
---------------+-------------------------+-----
Spellcasting   | 3 4 5 6 |  6.5
Translocations | 1 2 |  2.0
Conjurations   | 5 6 |  6.7
Evocations     | 2 |  2.0
Fighting       | 1 |  1.0
Dodging        | 3 |  3.0
Stealth        | |  2.6

Action                   |  1- 3 |  4- 6 |  7- 9 || total
-------------------------+-------+-------+-------++-------
Melee: Unarmed           |    14 |     3 |       ||    17
       Tentacles         |     5 |     7 |     9 ||    21
       Constrict         |     3 |     6 |     6 ||    15
       Staff             |       |    19 |    16 ||    35
 Cast: Magic Dart        |    77 |   120 |    53 ||   250
       Iskenderun's Myst |       |     1 |     9 ||    10
Evoke: Wand              |       |       |    13 ||    13
  Use: Scroll            |       |       |     2 ||     2
 Stab: Sleeping          |     1 |     1 |       ||     2
Armor: Skin              |     3 |     1 |     1 ||     5
Dodge: Dodged            |    20 |    18 |    11 ||    49
